 Dungeon Crawl Stone Soup version 0.9.0-15-g1b13fe2 character file.

119 ZornKommander the Firebug (level 3, -1/21 HPs)
             Began as a High Elf Fire Elementalist on Aug 26, 2011.
             Killed by nerve-wracking pain
             ... invoked by Jessica
              (5 damage)
             ... on Level 3 of the Dungeon.
             The game lasted 00:04:28 (2182 turns).

ZornKommander the Firebug (HEFE)                    Turns: 2182, Time: 00:04:28

HP  -1/21        AC  3     Str  7      XL: 3   Next: 46%
MP   5/8         EV 13     Int 20      God:
Gold 70          SH  0     Dex 15      Spells:  1 memorised,  5 levels left

Res.Fire  : . . .   See Invis. : .   i - -1,+1 orc dagger
Res.Cold  : . . .   Warding    : . . a - +0 elf robe
Life Prot.: . . .   Conserve   : .   (no shield)
Res.Acid. : . . .   Res.Corr.  : .   q - +0 cap
Res.Poison: .       Clarity    : .   t - +0 cloak
Res.Elec. : .       Spirit.Shd : .   (no gloves)
Sust.Abil.: . .     Stasis     : .   (no boots)
Res.Mut.  : .       Ctrl.Telep.: .   (no amulet)
Res.Rott. : .       Levitation : .   (no ring)
Saprovore : . . .   Ctrl.Flight: .   (no ring)

@: slowed, very slow, slightly resistant to hostile enchantments, fairly
stealthy
A: no striking features
a: no special abilities


You were on level 3 of the Dungeon.
You were not hungry.

You visited 1 branch of the dungeon, and saw 3 of its levels.

You collected 50 gold pieces.

Inventory:

Hand weapons
 i - a -1,+1 orcish dagger (weapon)
Armour
 a - a +0 elven robe (worn)
 q - a +0 cap (worn)
 t - a +0 cloak (worn)
Magical devices
 p - a wand of polymorph other (6) {unknown}
Comestibles
 c - 4 bread rations
 f - a snozzcumber
 u - 2 meat rations
Scrolls
 e - a scroll of identify {unknown}
 g - a scroll of recharging {unknown}
 h - a scroll of remove curse {unknown}
 l - a scroll of enchant armour {unknown}
 m - 3 scrolls of detect curse {unknown}
 n - a scroll of amnesia {unknown}
 o - a scroll of curse weapon {unknown}
 r - 2 scrolls of teleportation {unknown}
 s - a scroll of fear {unknown}
 v - a scroll of blinking {unknown}
Potions
 d - 2 potions of healing
 j - a potion of levitation {unknown}
 k - 2 potions of resistance {unknown}
Books
 b - a book of Flames

   Spells                             Type                      Level
   *Flame Tongue                      Conjuration/Fire             1
   Throw Flame                        Conjuration/Fire             2
   Inner Flame                        Hexes/Fire                   3
   Sticky Flame                       Conjuration/Fire             4
   Bolt of Magma                      Conjuration/Fire/Earth       5
   Fireball                           Conjuration/Fire             6


   Skills:
 - Level 3 Dodging
 - Level 2 Stealth
 + Level 2 Spellcasting
 + Level 2 Conjurations
 + Level 4 Fire Magic


You had 5 spell levels left.
You knew the following spells:

 Your Spells              Type           Power        Success   Level  Hunger
a - Flame Tongue          Fire/Conj      ###...       Excellent   1    Sultana

Dungeon Overview and Level Annotations

Branches:
Dungeon (3/27)

Altars:


Message History

You hear some strange, mumbled words.
You feel yourself slow down.
Casting: Flame Tongue
Confirm with . or Enter, or press ? or * to list all spells.
Aiming: Flame Tongue
Press: ? - help, Shift-Dir - straight line The flame hits something.
It hits you. It hits you.
Casting: Flame Tongue
Confirm with . or Enter, or press ? or * to list all spells.
Aiming: Flame Tongue
Press: ? - help, Shift-Dir - straight line The flame hits something.
It hits you but does no damage. It hits you but does no damage. It hits you.
* * * LOW HITPOINT WARNING * * *
You feel better.
It was a potion of healing.
It misses you. Helpless, you fail to dodge its attack.
It hits you but does no damage. Pain shoots through your body!
* * * LOW HITPOINT WARNING * * *
Pain shoots through your body!
You die...

#.#.# #.#.#######
#.........#
#.........#
#.##.........#
#.##.........#
#.##.........#
#.##.........#
#.##.#@#..####
#.##.#.#..#####
#.##.#.#.......
###.##.#.##..(...
#.#..............
..#.#............
#...###..#.######
#.###............
### #.#....######


There were no monsters in sight!

Vanquished Creatures
  A snake (D:3)
  A giant gecko (D:2)
  2 giant cockroaches (D:1)
  4 hobgoblins
  3 jackals (D:1)
  2 small snakes
  2 bats (D:1)
  A giant newt (D:3)
  8 goblins (D:1)
  7 kobolds
  8 rats
  2 toadstools (D:1)
41 creatures vanquished.

Vanquished Creatures (others)
  A goblin (D:1)
  A toadstool (D:2)
2 creatures vanquished.

Grand Total: 43 creatures vanquished

Notes
Turn   | Place    | Note
--------------------------------------------------------------
     0 | D:1      | ZornKommander, the High Elf Fire Elementalist, began the quest for the Orb.
     0 | D:1      | Reached XP level 1. HP: 11/11 MP: 4/4
   239 | D:1      | Reached XP level 2. HP: 9/17 MP: 2/5
   663 | D:1      | Reached skill level 4 in Fire Magic
  1256 | D:2      | Reached XP level 3. HP: 17/21 MP: 6/8
  2143 | D:3      | Noticed Jessica
  2182 | D:3      | Killed from afar by Jessica
